Map: 캑터스 밸리 - 래더 (공허)

Players

ByuN

  • Race: Terran Terran
  • Spawn Location: 11:00

Ryung - Winner!

  • Race: Terran Terran
  • Spawn Location: 1:00

Event: IEM XI Katowice - World Championship 2017

VOD

Have the link to the VOD?

Description

Time

  • Played on: March 1, 2017, 8:08 p.m.
  • Length: 14:52

All games in this series

Show
View Real Time Build Order
Export as new Build Order

ByuN Terran 

Build Orders: Cyclone Opening, Reaper Expand, Bio Tank 

Get SALT Encoding   

  12  0:00  SCV  
  13  0:12  SCV  
  14  0:17  Supply Depot  
  14  0:24  SCV  
  14  0:27  Refinery  
  15  0:38  SCV  
  16  0:44  Barracks  
  16  0:51  SCV  
  17  1:03  SCV  
  18  1:15  SCV  
  19  1:31  Reaper, Orbital Command  
  20  1:44  Command Center  
  20  1:53  Factory  
  20  1:57  SCV  
  21  2:04  Barracks Reactor  
  21  2:05  Refinery  
  21  2:09  SCV  
  22  2:17  Supply Depot  
  22  2:21  SCV  
  23  2:38  SCV, Cyclone  
  23  2:39  Marine  
  23  2:41  Marine  
  29  2:50  SCV  
  30  2:54  Starport  
  30  2:57  Orbital Command  
  30  3:01  Marine  
  30  3:02  Marine  
  32  3:06  SCV  
  32  3:14  Cyclone  
  36  3:22  Marine x2  
  36  3:25  SCV x2  
  39  3:29  Supply Depot  
  39  3:34  Medivac  
  39  3:37  SCV x2  
  43  3:42  Marine x2  
  43  3:46  Supply Depot  
  45  3:49  Factory Tech Lab  
  45  3:51  SCV  
  45  3:53  SCV  
  47  4:03  SCV  
  47  4:05  SCV  
  47  4:06  Starport Reactor  
  47  4:08  Barracks Tech Lab, Barracks  
  49  4:13  Barracks  
  49  4:18  Siege Tank  
  49  4:20  SCV x2  
  49  4:22  Refinery  
  54  4:32  SCV x2  
  54  4:38  Marine  
  57  4:39  Stimpack  
  57  4:41  Supply Depot  
  57  4:44  SCV  
  57  4:45  SCV  
  59  4:46  Supply Depot  
  59  4:48  Engineering Bay  
  59  4:55  Marine x2, Starport Reactor  
  59  4:56  Marine  
  62  5:01  Refinery  
  62  5:02  SCV x2  
  62  5:05  Supply Depot  
  64  5:10  Marine x2  
  64  5:13  Marine x2  
  68  5:14  SCV  
  68  5:15  SCV  
  68  5:18  Marine  
  71  5:23  Terran Infantry Weapons Level 1  
  71  5:28  Supply Depot, Siege Tank  
  74  5:29  SCV x2  
  74  5:32  Marine x2  
  74  5:33  Marine  
  74  5:34  Marine  
  80  5:38  Medivac  
  80  5:41  Medivac  
  84  5:49  Missile Turret  
  84  5:50  Supply Depot  
  84  5:52  Marine x3  
  84  5:53  Marine x2  
  89  5:57  SCV x2  
  91  6:06  Siege Tank  
  91  6:10  Marine  
  94  6:11  Marine x4  
  94  6:14  Supply Depot  
  98  6:21  Medivac x2  
  98  6:24  Supply Depot  
  102  6:35  Marine x5  
  102  6:37  Supply Depot  
  107  6:40  Combat Shields  
  107  6:47  Supply Depot  
  107  6:48  Siege Tank  
  107  6:53  Marine x5  
  114  7:11  Marine x5  
  113  7:20  Siege Tank  
  116  7:25  Terran Infantry Armor Level 1  
  116  7:29  Marine x5  
  121  7:35  Barracks x2  
  121  7:40  Viking  
  121  7:41  Viking  
  124  7:44  Supply Depot  
  124  7:46  Marine x5  
  129  8:04  Marine x5  
  70  8:12  Viking x2  
  130  8:15  Siege Tank  
  130  8:18  Command Center  
  137  8:22  Marine x4  
  137  8:23  Marine  
  142  8:29  Supply Depot  
  142  8:30  Supply Depot  
  142  8:31  Supply Depot  
  144  8:39  Barracks Reactor x2  
  144  8:40  Marine  
  135  8:45  Marine  
  135  8:46  Marine x3  
  135  8:47  Siege Tank  
  133  8:58  Marine  
  134  9:03  Marine x3  
  134  9:04  Marine  
  134  9:06  Viking x2  
  141  9:15  Marine  
  142  9:19  Armory  
  142  9:20  Engineering Bay  
  142  9:21  Marine x3  
  142  9:22  Marine  
  145  9:31  Marine x2  
  145  9:32  Marine x2  
  145  9:33  Marine  
  145  9:36  Siege Tank  
  151  9:39  Marine x3  
  151  9:40  Liberator x2, Marine  
  158  10:01  Marine x5  
  158  10:03  Marine x2  
  163  10:08  Siege Tank  
  154  10:14  Marine  
  154  10:19  Marine x3  
  153  10:23  Orbital Command  
  153  10:25  SCV x2  
  153  10:27  Terran Infantry Weapons Level 2  
  155  10:37  Terran Infantry Armor Level 2  
  155  10:42  Marine x2  
  156  10:43  Marine  
  156  10:46  Marine  
  156  10:49  Marine  
  157  10:50  Marine  
  157  10:51  Marine  
  157  10:54  Marine  
  151  11:01  SCV  
  151  11:02  SCV x2  
  151  11:04  Marine  
  146  11:12  Marine, Siege Tank  
  146  11:14  Marine  
  146  11:15  Marine  
  146  11:16  Marine  
  143  11:19  Marine  
  143  11:20  Marine x2  
  143  11:21  Marine  
  143  11:23  Marine  
  137  11:30  Marine  
  137  11:31  SCV x3  
  139  11:36  Medivac x2  
  143  11:40  Marine x4  
  143  11:42  Marine  
  145  11:47  Marine  
  145  11:48  Marine  
  145  11:49  Marine x2  
  141  11:57  Marine  
  141  11:58  Marine x3  
  141  12:00  Marine, SCV  
  130  12:05  Marine  
  130  12:07  SCV  
  105  12:12  Marine  
  99  12:31  Marine  
  100  12:47  Orbital Command  
  100  13:27  Marine x6  
  105  13:46  Marine  
  100  13:54  Orbital Command  
  99  14:09  Marine  
  58  14:24  Marine  
Show
View Real Time Build Order
Export as new Build Order

Ryung Terran - Winner!

Build Orders: Cyclone Opening, Reaper Expand, Bio Tank 

Get SALT Encoding   

  12  0:00  SCV  
  13  0:13  SCV  
  14  0:17  Supply Depot  
  14  0:25  SCV  
  14  0:28  Refinery  
  15  0:39  SCV  
  16  0:44  Barracks  
  16  0:51  SCV  
  17  1:03  SCV  
  18  1:15  SCV  
  19  1:30  Reaper  
  19  1:31  Orbital Command  
  20  1:42  Command Center  
  20  1:54  Factory  
  20  1:56  SCV  
  21  2:02  Refinery  
  21  2:05  Barracks Reactor  
  21  2:08  SCV  
  22  2:14  Supply Depot  
  22  2:20  SCV  
  23  2:35  SCV  
  24  2:37  Cyclone  
  24  2:41  Marine x2  
  29  2:47  SCV  
  30  2:53  Starport  
  30  2:56  Orbital Command  
  30  3:00  SCV  
  30  3:05  Marine x2  
  31  3:11  Factory Tech Lab  
  33  3:14  SCV  
  34  3:22  SCV  
  34  3:23  Marine x2  
  34  3:26  SCV  
  38  3:30  Supply Depot  
  37  3:34  SCV  
  37  3:35  Refinery  
  37  3:38  Raven  
  37  3:39  SCV  
  37  3:40  Factory Tech Lab  
  41  3:42  Marine  
  41  3:43  Marine  
  41  3:46  SCV  
  44  3:51  SCV  
  44  3:52  Supply Depot  
  45  4:01  Marine x2, Siege Tank  
  45  4:02  SCV  
  51  4:05  SCV  
  52  4:17  SCV x2  
  52  4:23  Supply Depot  
  53  4:31  Barracks  
  53  4:33  SCV x2, Barracks  
  55  4:41  Siege Tank  
  55  4:42  Stimpack  
  55  4:43  Starport Reactor  
  58  4:48  Engineering Bay, SCV x2  
  60  4:57  Supply Depot x2  
  60  5:00  SCV  
  60  5:01  Refinery  
  60  5:06  SCV  
  62  5:13  Terran Infantry Weapons Level 1  
  62  5:18  SCV  
  63  5:22  Marine x3, Barracks Tech Lab  
  63  5:24  SCV  
  63  5:26  Medivac  
  63  5:27  Medivac  
  71  5:29  Supply Depot  
  71  5:30  SCV  
  72  5:36  Supply Depot  
  72  5:41  Marine x3  
  72  5:42  Marine, Combat Shields  
  75  5:44  SCV  
  75  5:45  SCV  
  77  5:51  Siege Tank  
  77  5:52  Supply Depot  
  80  5:58  Medivac x2  
  80  6:01  Supply Depot  
  80  6:04  SCV x2  
  86  6:07  Marine x4  
  90  6:22  Barracks  
  90  6:24  Supply Depot, Siege Tank  
  90  6:25  Barracks  
  93  6:29  Marine  
  93  6:30  Marine x3  
  96  6:36  Supply Depot  
  96  6:37  SCV  
  96  6:38  SCV  
  98  6:47  Medivac x2  
  98  6:52  Supply Depot  
  102  6:57  Siege Tank  
  102  6:58  SCV x2  
  105  7:08  Supply Depot  
  105  7:10  Supply Depot  
  105  7:14  Barracks Reactor x2  
  104  7:16  Marine x3  
  104  7:17  Terran Infantry Armor Level 1  
  104  7:19  Supply Depot, Marine  
  108  7:28  SCV x2  
  109  7:32  Siege Tank  
  109  7:34  Marine  
  113  7:39  Marine x2  
  113  7:41  Medivac  
  113  7:42  Medivac  
  119  7:46  Marine  
  120  7:51  Command Center  
  120  7:52  Marine  
  120  7:56  Marine x4  
  120  7:57  Marine x2  
  126  8:12  Marine x2  
  124  8:14  Marine x2, Siege Tank  
  124  8:19  Marine  
  131  8:20  Marine x2  
  132  8:32  Marine x3  
  135  8:38  Armory, SCV x2, Engineering Bay  
  136  8:51  Marine x4  
  136  8:55  Siege Tank  
  140  8:58  Viking  
  142  9:04  Supply Depot x2, Viking  
  144  9:11  Sensor Tower, Orbital Command  
  144  9:12  Marine x4  
  148  9:19  Marine x2  
  152  9:25  Terran Infantry Weapons Level 2  
  152  9:30  Terran Infantry Armor Level 2  
  149  9:33  Terran Vehicle Weapons Level 1  
  149  9:35  Marine x2  
  149  9:36  Marine x2  
  152  9:50  Marine x4, Orbital Command  
  156  9:55  Viking  
  156  9:56  Viking  
  160  10:06  Marine x4  
  156  10:18  Marine x2  
  156  10:19  Marine x2  
  156  10:21  Siege Tank  
  157  10:27  Viking x2  
  161  10:36  SCV  
  161  10:37  SCV x2  
  161  10:39  Marine x3  
  167  10:46  Marine x4  
  171  10:53  Siege Tank  
  174  11:02  SCV  
  174  11:03  SCV x2  
  177  11:06  Supply Depot  
  177  11:08  Supply Depot  
  165  11:22  Marine x4  
  157  11:28  Siege Tank  
  157  11:29  Marine x4  
  157  11:31  Factory  
  161  11:39  Marine x4  
  165  11:47  Marine x4  
  168  11:57  Marine x4  
  164  12:01  Terran Infantry Weapons Level 3  
  164  12:05  Marine x3  
  164  12:07  SCV  
  161  12:14  Marine  
  161  12:15  Marine x3  
  162  12:20  Marine  
  158  12:23  Marine  
  158  12:29  SCV x2  
  161  12:32  Marine x2, Sensor Tower  
  163  12:37  Factory Tech Lab  
  156  12:45  Viking  
  158  12:59  Siege Tank  
  158  13:03  Marine x3  
  158  13:05  Marine  
  165  13:13  Siege Tank  
  168  13:24  Viking x2  
  171  13:40  Marine x4  
  173  13:53  Marine x4  
  172  13:57  Marine x2  
  172  13:58  Marine x2  
  173  14:10  Marine x2  
  173  14:11  Marine x2  
  173  14:15  Marine x4  
  131  14:28  Marine x4  
  135  14:33  Marine x4  
  139  14:44  Sensor Tower  

Tags
 
Add a new tag
Caveats
  • Supply blocks, unpowered buildings, or Contaminate may cause inaccurate times.
  • Supply counts are checked every 10 seconds.